| TOP OF THE 1ST |
|
Burlington Royals batting - Pitching for Greeneville Astros : RHP Tony Barrios
|
|
Pitching: RHP Tony Barrios
|
|
|
Batting: LHB Bobby Gonzalez
|
0-0: Ball 1-0: Ball 2-0: Ground out 4-3 (Groundball, 4, EV 87.5 MPH)
|
|
Batting: SHB Bill Ertl
|
0-0: Called Strike 0-1: Ball 1-1: SINGLE (Line Drive, 4D, EV 96.9 MPH)
|
|
Batting: RHB Nick Julien
|
0-0: Foul Ball, location: 2F 0-1: Ball 1-1: Ball 2-1: 2-RUN HOME RUN (Flyball, 7D, EV 98.8 MPH), Distance : 395 ft
|
|
Batting: LHB Pablo Serrato
|
0-0: Ball 1-0: Ball 2-0: Ball 3-0: Called Strike 3-1: Base on Balls
|
|
Batting: RHB Carlos Almada
|
0-0: Called Strike 0-1: Ball 1-1: Ball 2-1: Called Strike 2-2: Strikes out looking
|
|
Batting: SHB Danny Ballenger
|
0-0: Ball 1-0: Ball 2-0: DOUBLE (Line Drive, 78M, EV 103.1 MPH) Pablo Serrato to third Runner from 3rd tries for Home, throw by LF and OUT! 7-6-2
|
| Top of the 1st over - 2 runs, 3 hits, 0 errors, 1 left on base; Burlington 2 - Greeneville 0 |
| BOTTOM OF THE 1ST |
|
Greeneville Astros batting - Pitching for Burlington Royals : LHP Butch Ott
|
|
Pitching: LHP Butch Ott
|
|
|
Batting: RHB Omar Amaya
|
0-0: SINGLE (Flyball, 78S, EV 94.4 MPH)
|
|
Batting: SHB Miguel Sierra
|
0-0: Called Strike Omar Amaya steals 2nd base (no throw) 0-1: Ball 1-1: Swinging Strike 1-2: Fly out, F6 (Line Drive, 56D, EV 76.9 MPH)
|
|
Batting: LHB Mark Dearth
|
0-0: Ball 1-0: Ball Omar Amaya steals 3rd base 2-0: Called Strike 2-1: Ball Passed Ball! Omar Amaya scores 3-1: Swinging Strike 3-2: Foul Ball, location: 2F 3-2: SINGLE (Groundball, 34D, EV 103.8 MPH)
|
|
Batting: RHB Erik Smith
|
0-0: Ball 1-0: Called Strike 1-1: Fielders Choice at 2nd, 6-4 (Groundball, 6S, EV 76.2 MPH)
|
|
Batting: LHB Daigo Ishii
|
0-0: Ball 1-0: Ball 2-0: Called Strike 2-1: Ball 3-1: Base on Balls Erik Smith to second
|
|
Pitching: LHP Brett Reed
|
|
|
Batting: RHB Yoshitoshi Mori
|
0-0: Called Strike 0-1: Ball 1-1: Ball 2-1: Swinging Strike 2-2: Ball 3-2: Strikes out swinging
|
| Bottom of the 1st over - 1 run, 2 hits, 0 errors, 2 left on base; Burlington 2 - Greeneville 1 |
| TOP OF THE 2ND |
|
Burlington Royals batting - Pitching for Greeneville Astros : RHP Tony Barrios
|
|
Batting: RHB Bobby Matyas
|
0-0: SINGLE (Groundball, 4, EV 98.1 MPH)
|
|
Batting: RHB Adam Krieger
|
0-0: Ball 1-0: Called Strike 1-1: Called Strike 1-2: Strikes out swinging
|
|
Batting: LHB Edgar Ortiz
|
0-0: Ball 1-0: Foul Ball, location: 2F 1-1: Swinging Strike 1-2: Strikes out swinging
|
|
Batting: LHB Bobby Gonzalez
|
0-0: SINGLE (Groundball, 4D, EV 106.9 MPH) Bobby Matyas to second
|
|
Batting: SHB Bill Ertl
|
0-0: Ball 1-0: Called Strike 1-1: Called Strike 1-2: SINGLE (Groundball, 56S, EV 63.8 MPH) (infield hit) Bobby Matyas to third Bobby Gonzalez to second
|
|
Batting: RHB Nick Julien
|
0-0: Ball 1-0: Called Strike 1-1: Foul Ball, location: 2F 1-2: Ball 2-2: Ball 3-2: Foul Ball, location: 2F 3-2: Fly out, F9 (Flyball, 9LS, EV 90.6 MPH)
|
| Top of the 2nd over - 0 runs, 3 hits, 0 errors, 3 left on base; Burlington 2 - Greeneville 1 |
| BOTTOM OF THE 2ND |
|
Greeneville Astros batting - Pitching for Burlington Royals : LHP Brett Reed
|
|
Batting: RHB Keith Goodwin
|
0-0: Ball 1-0: Ball 2-0: Called Strike 2-1: Ball 3-1: Swinging Strike 3-2: Strikes out looking
|
|
Batting: RHB Gabe Allen
|
0-0: Ball 1-0: Called Strike 1-1: Ball 2-1: Swinging Strike 2-2: Ball 3-2: Foul Ball, location: 2F 3-2: Base on Balls
|
|
Pitching: RHP Neil Drain
|
|
|
Batting: RHB Roger Pelley
|
0-0: Called Strike 0-1: Ball 1-1: Foul Ball, location: 2F 1-2: Strikes out looking
|
|
Batting: RHB Omar Amaya
|
0-0: Ball 1-0: Ball 2-0: Fielders Choice at 2nd, 6-4 (Groundball, 56, EV 101.9 MPH)
|
| Bottom of the 2nd over - 0 runs, 0 hits, 0 errors, 1 left on base; Burlington 2 - Greeneville 1 |
| TOP OF THE 3RD |
|
Burlington Royals batting - Pitching for Greeneville Astros : RHP Tony Barrios
|
|
Batting: LHB Pablo Serrato
|
0-0: Called Strike 0-1: Ball 1-1: Foul Ball, location: 2F 1-2: Fly out, F7 (Flyball, 7, EV 82.5 MPH)
|
|
Batting: RHB Carlos Almada
|
0-0: Called Strike 0-1: Ball 1-1: Ball 2-1: Foul Ball, location: 2F 2-2: Ball 3-2: Foul Ball, location: 2F 3-2: Foul Ball, location: 2F 3-2: Foul Ball, location: 2F 3-2: Base on Balls
|
|
Batting: SHB Danny Ballenger
|
0-0: Ball 1-0: Called Strike 1-1: Foul Ball, location: 2F 1-2: Foul Ball, location: 2F 1-2: Ball 2-2: Ball 3-2: Fielders Choice at 2nd, 3-6 (Groundball, 3S, EV 91.2 MPH)
|
|
Batting: RHB Bobby Matyas
|
0-0: Ball 1-0: Fly out, F4 (Popup, 4M, EV 51.2 MPH)
|
| Top of the 3rd over - 0 runs, 0 hits, 0 errors, 1 left on base; Burlington 2 - Greeneville 1 |
| BOTTOM OF THE 3RD |
|
Greeneville Astros batting - Pitching for Burlington Royals : RHP Neil Drain
|
|
Batting: SHB Miguel Sierra
|
0-0: Called Strike 0-1: DOUBLE (Flyball, 78D, EV 102.5 MPH)
|
|
Batting: LHB Mark Dearth
|
0-0: Called Strike 0-1: Ball 1-1: Foul Ball, location: 2F 1-2: Strikes out swinging
|
|
Batting: RHB Erik Smith
|
0-0: Called Strike 0-1: Ball 1-1: Ball 2-1: Ball 3-1: Called Strike 3-2: Base on Balls
|
|
Pitching: RHP Kolenka Leschenya
|
|
|
Batting: LHB Daigo Ishii
|
0-0: Ball 1-0: Called Strike 1-1: Swinging Strike 1-2: Ball 2-2: Ball 3-2: Base on Balls Miguel Sierra to third Erik Smith to second
|
|
Batting: RHB Yoshitoshi Mori
|
0-0: Swinging Strike 0-1: Swinging Strike 0-2: Ball 1-2: Ball 2-2: Foul Ball, location: 2F 2-2: Ball 3-2: Base on Balls Miguel Sierra scores Erik Smith to third Daigo Ishii to second
|
|
Batting: RHB Keith Goodwin
|
0-0: Swinging Strike 0-1: Foul Ball, location: 2F 0-2: Strikes out swinging
|
|
Batting: RHB Gabe Allen
|
0-0: Foul Ball, location: 2F 0-1: Foul Ball, location: 2F 0-2: Ball 1-2: Strikes out swinging
|
| Bottom of the 3rd over - 1 run, 1 hit, 0 errors, 3 left on base; Burlington 2 - Greeneville 2 |
| TOP OF THE 4TH |
|
Burlington Royals batting - Pitching for Greeneville Astros : RHP Tony Barrios
|
|
Batting: RHB Adam Krieger
|
0-0: Foul Ball, location: 2F 0-1: Ground out 6-3 (Groundball, 6, EV 84.4 MPH)
|
|
Batting: LHB Edgar Ortiz
|
0-0: Ball 1-0: Foul Ball, location: 2F 1-1: Swinging Strike 1-2: Strikes out looking
|
|
Batting: LHB Bobby Gonzalez
|
0-0: Ball 1-0: Ball 2-0: Ball 3-0: Base on Balls
|
|
Batting: SHB Bill Ertl
|
0-0: Ball 1-0: Ball 2-0: Ball 3-0: Called Strike 3-1: Foul Ball, location: 2F 3-2: Foul Ball, location: 2F 3-2: Fly out, F8 (Line Drive, 89D, EV 99.4 MPH)
|
| Top of the 4th over - 0 runs, 0 hits, 0 errors, 1 left on base; Burlington 2 - Greeneville 2 |
| BOTTOM OF THE 4TH |
|
Greeneville Astros batting - Pitching for Burlington Royals : RHP Kolenka Leschenya
|
|
Pitching: LHP Ken Milhouse
|
|
|
Batting: RHB Roger Pelley
|
0-0: Called Strike 0-1: Ball 1-1: Foul Ball, location: 2F 1-2: Foul Ball, location: 2F 1-2: Strikes out swinging
|
|
Batting: RHB Omar Amaya
|
0-0: Foul Ball, location: 2F 0-1: Ball 1-1: Ball 2-1: Ground out U3 (Groundball, 34, EV 101.9 MPH)
|
|
Batting: SHB Miguel Sierra
|
0-0: Swinging Strike 0-1: Ball 1-1: SINGLE (Groundball, 34D, EV 98.1 MPH)
|
|
Batting: LHB Mark Dearth
|
0-0: Ground out 6-3 (Groundball, 56D, EV 78.8 MPH)
|
| Bottom of the 4th over - 0 runs, 1 hit, 0 errors, 1 left on base; Burlington 2 - Greeneville 2 |
| TOP OF THE 5TH |
|
Burlington Royals batting - Pitching for Greeneville Astros : RHP Tony Barrios
|
|
Batting: RHB Nick Julien
|
0-0: Ball 1-0: Ball 2-0: Ball 3-0: Base on Balls
|
|
Batting: LHB Pablo Serrato
|
0-0: Foul Ball, location: 2F 0-1: Ball 1-1: Ball 2-1: Ball 3-1: Base on Balls Nick Julien to second
|
|
Batting: RHB Carlos Almada
|
0-0: Called Strike 0-1: Foul Ball, location: 2F 0-2: Ball 1-2: Ball 2-2: Strikes out swinging
|
|
Batting: SHB Danny Ballenger
|
0-0: Called Strike 0-1: Ball 1-1: SINGLE (Groundball, P, EV 88.8 MPH) (infield hit) Nick Julien to third Pablo Serrato to second
|
|
Batting: RHB Bobby Matyas
|
0-0: Ball 1-0: SINGLE (Line Drive, 34, EV 106.9 MPH) Nick Julien scores Pablo Serrato to third Danny Ballenger to second
|
|
Batting: RHB Adam Krieger
|
0-0: Swinging Strike 0-1: Ball 1-1: Swinging Strike 1-2: Strikes out swinging
|
|
Pitching: RHP Max Warburton
|
|
|
Batting: LHB Edgar Ortiz
|
0-0: Called Strike 0-1: Swinging Strike 0-2: Ball 1-2: Strikes out swinging
|
| Top of the 5th over - 1 run, 2 hits, 0 errors, 3 left on base; Burlington 3 - Greeneville 2 |
| BOTTOM OF THE 5TH |
|
Greeneville Astros batting - Pitching for Burlington Royals : LHP Ken Milhouse
|
|
Batting: RHB Erik Smith
|
0-0: Ball 1-0: Ball 2-0: Called Strike 2-1: Fly out, F7 (Line Drive, 78M, EV 97.5 MPH)
|
|
Batting: LHB Daigo Ishii
|
0-0: Called Strike 0-1: Called Strike 0-2: Ball 1-2: Strikes out swinging
|
|
Pitching: RHP Nam Phong
|
|
|
Batting: RHB Yoshitoshi Mori
|
0-0: Ball 1-0: Swinging Strike 1-1: Ball 2-1: Swinging Strike 2-2: Strikes out swinging
|
| Bottom of the 5th over - 0 runs, 0 hits, 0 errors, 0 left on base; Burlington 3 - Greeneville 2 |
| TOP OF THE 6TH |
|
Burlington Royals batting - Pitching for Greeneville Astros : RHP Max Warburton
|
|
Batting: LHB Bobby Gonzalez
|
0-0: Called Strike 0-1: Ball 1-1: Ball 2-1: Ball 3-1: Base on Balls
|
|
Batting: SHB Bill Ertl
|
0-0: 2-RUN HOME RUN (Flyball, 9LD, EV 93.8 MPH), Distance : 342 ft
|
|
Batting: RHB Nick Julien
|
0-0: Ball 1-0: Ball 2-0: SOLO HOME RUN (Flyball, 7D, EV 105.0 MPH), Distance : 418 ft
|
|
Pitching: RHP Jon Davis
|
|
|
Batting: LHB Pablo Serrato
|
0-0: Ball 1-0: Ball 2-0: Ball 3-0: Called Strike 3-1: Foul Ball, location: 2F 3-2: Foul Ball, location: 2F 3-2: Base on Balls
|
|
Batting: RHB Carlos Almada
|
0-0: Swinging Strike 0-1: Ball 1-1: Fly out, F7 (Flyball, 7, EV 90.6 MPH)
|
|
Batting: SHB Danny Ballenger
|
0-0: Called Strike 0-1: Called Strike 0-2: Ball 1-2: Strikes out looking
|
|
Batting: RHB Bobby Matyas
|
0-0: Called Strike 0-1: Fielders Choice at 2nd, 5-4 (Groundball, 5, EV 90.6 MPH)
|
| Top of the 6th over - 3 runs, 2 hits, 0 errors, 1 left on base; Burlington 6 - Greeneville 2 |
| BOTTOM OF THE 6TH |
|
Greeneville Astros batting - Pitching for Burlington Royals : RHP Nam Phong
|
|
Batting: RHB Keith Goodwin
|
0-0: Ball 1-0: Ball 2-0: Called Strike 2-1: Ball 3-1: Foul Ball, location: 2F 3-2: Strikes out swinging
|
|
Batting: RHB Gabe Allen
|
0-0: Ball 1-0: Ball 2-0: Ball 3-0: Base on Balls
|
|
Batting: RHB Roger Pelley
|
0-0: Called Strike 0-1: Foul Ball, location: 2F 0-2: Strikes out swinging
|
|
Pitching: RHP Greg Sell
|
|
|
Batting: RHB Omar Amaya
|
0-0: Ball 1-0: Called Strike 1-1: Swinging Strike 1-2: Ball 2-2: Ball 3-2: Foul Ball, location: 2F 3-2: Base on Balls Gabe Allen to second
|
|
Batting: SHB Miguel Sierra
|
0-0: Ball Wild Pitch! Gabe Allen to third Omar Amaya to second 1-0: Called Strike 1-1: SINGLE (Flyball, 8LS, EV 84.4 MPH) Gabe Allen scores Omar Amaya to third
|
|
Batting: LHB Mark Dearth
|
0-0: Swinging Strike 0-1: Ball 1-1: Foul Ball, location: 2F 1-2: Foul Ball, location: 2F 1-2: Ball 2-2: Strikes out looking
|
| Bottom of the 6th over - 1 run, 1 hit, 0 errors, 2 left on base; Burlington 6 - Greeneville 3 |
| TOP OF THE 7TH |
|
Burlington Royals batting - Pitching for Greeneville Astros : RHP Jon Davis
|
|
Batting: RHB Adam Krieger
|
0-0: Ground out 4-3 (Groundball, 4, EV 90.6 MPH)
|
|
Batting: LHB Edgar Ortiz
|
0-0: Called Strike 0-1: Foul Ball, location: 2F 0-2: Foul Ball, location: 2F 0-2: Fly out, F8 (Flyball, 8LM, EV 94.4 MPH)
|
|
Batting: LHB Bobby Gonzalez
|
0-0: Fly out, F9 (Flyball, 9LSF, EV 93.1 MPH)
|
| Top of the 7th over - 0 runs, 0 hits, 0 errors, 0 left on base; Burlington 6 - Greeneville 3 |
| BOTTOM OF THE 7TH |
|
Greeneville Astros batting - Pitching for Burlington Royals : RHP Greg Sell
|
|
Batting: RHB Erik Smith
|
0-0: Ball 1-0: Foul Ball, location: 2F 1-1: Ground out 6-3 (Groundball, 6, EV 90.0 MPH)
|
|
Pitching: RHP Jordan Viveros
|
|
|
Batting: LHB Daigo Ishii
|
0-0: Ball 1-0: Ball 2-0: SOLO HOME RUN (Flyball, 7D, EV 101.2 MPH), Distance : 383 ft
|
|
Batting: RHB Yoshitoshi Mori
|
0-0: Called Strike 0-1: Foul Ball, location: 2F 0-2: Foul Ball, location: 2F 0-2: Foul Ball, location: 2F 0-2: Ball 1-2: Strikes out swinging
|
|
Batting: RHB Keith Goodwin
|
0-0: Ball 1-0: Foul Ball, location: 2F 1-1: Ball 2-1: SINGLE (Groundball, 56D, EV 101.9 MPH)
|
|
Batting: RHB Gabe Allen
|
0-0: Ball 1-0: Ball 2-0: Called Strike 2-1: Ball 3-1: Base on Balls Keith Goodwin to second
|
|
Batting: RHB Roger Pelley
|
0-0: Ball 1-0: Swinging Strike 1-1: Fly out, F9 (Flyball, 9LMF, EV 87.5 MPH)
|
| Bottom of the 7th over - 1 run, 2 hits, 0 errors, 2 left on base; Burlington 6 - Greeneville 4 |
| TOP OF THE 8TH |
|
Burlington Royals batting - Pitching for Greeneville Astros : RHP Jon Davis
|
|
Batting: SHB Bill Ertl
|
0-0: Called Strike 0-1: Ball 1-1: Reached on error, E4 (Groundball, 4, EV 81.9 MPH)
|
|
Batting: RHB Nick Julien
|
0-0: Ball 1-0: Called Strike 1-1: Foul Ball, location: 2F 1-2: Strikes out swinging
|
|
Batting: LHB Pablo Serrato
|
0-0: Ball 1-0: Ball 2-0: Ball 3-0: Called Strike 3-1: Base on Balls Bill Ertl to second
|
|
Batting: RHB Carlos Almada
|
0-0: Foul Ball, location: 2F 0-1: Ball 1-1: SINGLE (Groundball, 56S, EV 70.0 MPH) (infield hit) Bill Ertl to third Pablo Serrato to second
|
|
Batting: SHB Danny Ballenger
|
0-0: Ball 1-0: Ball 2-0: Fly out, F9 (Flyball, 9, EV 95.6 MPH)
|
|
Pitching: RHP Matt Doherty
|
|
|
Batting: RHB Bobby Matyas
|
0-0: DOUBLE (Groundball, 3L, EV 105.6 MPH) Bill Ertl scores Pablo Serrato scores Carlos Almada to third
|
|
Batting: RHB Adam Krieger
|
0-0: Ball 1-0: Called Strike 1-1: Called Strike 1-2: Strikes out swinging
|
| Top of the 8th over - 2 runs, 2 hits, 1 error, 2 left on base; Burlington 8 - Greeneville 4 |
| BOTTOM OF THE 8TH |
|
Greeneville Astros batting - Pitching for Burlington Royals : RHP Jordan Viveros
|
|
Batting: RHB Omar Amaya
|
0-0: Foul Ball, location: 2F 0-1: Swinging Strike 0-2: Strikes out looking
|
|
Batting: SHB Miguel Sierra
|
0-0: Ball 1-0: Ball 2-0: Ball 3-0: Base on Balls
|
|
Batting: LHB Mark Dearth
|
0-0: Ball Wild Pitch! Miguel Sierra to second 1-0: SINGLE (Line Drive, 9S, EV 100.0 MPH) Miguel Sierra to third Runner from 3rd tries for Home, SAFE, throw by RF to home Mark Dearth to second
|
|
Batting: RHB Erik Smith
|
0-0: Ball 1-0: Ball 2-0: Ball 3-0: SINGLE (Groundball, 56D, EV 95.6 MPH) Mark Dearth to third
|
|
Batting: LHB Daigo Ishii
|
0-0: Ball 1-0: Foul Ball, location: 2F 1-1: Called Strike 1-2: Ball 2-2: Ball 3-2: Base on Balls Erik Smith to second
|
|
Batting: RHB Yoshitoshi Mori
|
0-0: Ball 1-0: Ball 2-0: Called Strike 2-1: Ball 3-1: Foul Ball, location: 2F 3-2: Base on Balls Mark Dearth scores Erik Smith to third Daigo Ishii to second
|
|
Batting: RHB Keith Goodwin
|
0-0: Ball 1-0: Ball 2-0: Ball 3-0: Called Strike 3-1: Base on Balls Erik Smith scores Daigo Ishii to third Yoshitoshi Mori to second
|
|
Batting: RHB Gabe Allen
|
0-0: Ball 1-0: Foul Ball, location: 2F 1-1: Fly out, F4 (Popup, 6M, EV 52.5 MPH)
|
|
Batting: RHB Roger Pelley
|
0-0: Ball 1-0: Called Strike 1-1: DOUBLE (Line Drive, 78D, EV 106.9 MPH) Daigo Ishii scores Yoshitoshi Mori scores Keith Goodwin to third Runner from 3rd tries for Home, SAFE, no throw by CF
|
|
Batting: RHB Omar Amaya
|
0-0: Called Strike 0-1: Foul Ball, location: 2F 0-2: Ball 1-2: Ball 2-2: Ball Wild Pitch! Roger Pelley to third 3-2: DOUBLE (Line Drive, 9LS, EV 92.5 MPH) Roger Pelley scores
|
|
Pitching: RHP Chang-keun Baik
|
|
|
Batting: SHB Miguel Sierra
|
0-0: Ball 1-0: Fly out, F3 (Line Drive, 3, EV 68.1 MPH)
|
| Bottom of the 8th over - 7 runs, 4 hits, 0 errors, 1 left on base; Burlington 8 - Greeneville 11 |
| TOP OF THE 9TH |
|
Burlington Royals batting - Pitching for Greeneville Astros : RHP Matt Doherty
|
|
Pitching: RHP Mike Wirick
|
|
|
Batting: LHB Edgar Ortiz
|
0-0: Called Strike 0-1: Ball 1-1: Fly out, F8 (Flyball, 8LD, EV 105.0 MPH)
|
|
Batting: LHB Bobby Gonzalez
|
0-0: Ball 1-0: DOUBLE (Line Drive, 7LS, EV 101.2 MPH)
|
|
Batting: SHB Bill Ertl
|
0-0: Ball 1-0: Swinging Strike 1-1: Foul Ball, location: 2F 1-2: Strikes out swinging
|
|
Batting: RHB Nick Julien
|
0-0: Ball 1-0: Foul Ball, location: 2F 1-1: Swinging Strike 1-2: SINGLE (Groundball, 5D, EV 111.2 MPH) Bobby Gonzalez to third
|
|
Batting: LHB Pablo Serrato
|
0-0: Called Strike 0-1: Swinging Strike 0-2: Ball 1-2: Strikes out looking
|
| Top of the 9th over - 0 runs, 2 hits, 0 errors, 2 left on base; Burlington 8 - Greeneville 11 |
|